Map: 暮色之塔

Players

Quail

  • Race: Protoss Protoss
  • League: Diamond

紧掏 - Winner!

  • Race: Terran Terran
  • League: Platinum

VOD

Have the link to the VOD?

Description

Time

  • Played on: Dec. 5, 2015, 5:05 a.m.
  • Length: 11:40
Show
View Real Time Build Order
Export as new Build Order

Quail Protoss 

Build Orders: 1 Gate Expand, Oracle Opening 

Get SALT Encoding   

  12  0:01  Probe (Chrono Boost)  
  13  0:11  Probe (Chrono Boost)  
  14  0:17  Pylon  
  14  0:22  Probe (Chrono Boost)  
  15  0:36  Probe (Chrono Boost)  
  15  0:39  Gateway  
  16  0:46  Probe (Chrono Boost)  
  16  0:48  Assimilator  
  18  0:57  Probe (Chrono Boost)  
  18  1:07  Probe (Chrono Boost)  
  19  1:18  Probe (Chrono Boost)  
  20  1:29  Nexus  
  20  1:32  Probe (Chrono Boost)  
  21  1:39  Pylon  
  21  1:42  Probe (Chrono Boost)  
  22  1:50  Assimilator  
  22  1:57  Cybernetics Core  
  22  2:03  Zealot  
  24  2:11  Probe (Chrono Boost)  
  25  2:21  Probe (Chrono Boost)  
  26  2:24  Gateway  
  26  2:32  Probe (Chrono Boost)  
  26  2:34  Pylon  
  27  2:37  Adept  
  29  2:44  Probe (Chrono Boost)  
  29  2:45  Probe (Chrono Boost)  
  31  2:55  Probe (Chrono Boost)  
  31  2:56  Stargate  
  32  3:10  Probe x2 (Chrono Boost)  
  34  3:20  Probe x2 (Chrono Boost)  
  34  3:22  Gateway  
  34  3:23  Warp Gate  
  34  3:25  Sentry  
  38  3:31  Mothership Core (Chrono Boost), Probe (Chrono Boost)  
  41  3:37  Pylon  
  41  3:42  Probe (Chrono Boost)  
  41  3:45  Oracle  
  45  3:50  Probe (Chrono Boost)  
  45  3:53  Probe (Chrono Boost)  
  47  3:58  Pylon, Assimilator  
  47  4:00  Probe (Chrono Boost)  
  47  4:02  Assimilator  
  48  4:07  Twilight Council  
  48  4:17  Probe x2 (Chrono Boost)  
  48  4:18  Adept  
  48  4:19  Adept  
  54  4:28  Probe x2 (Chrono Boost)  
  54  4:30  Pylon  
  56  4:35  Pylon  
  56  4:38  Pylon  
  56  4:44  Adept  
  58  4:47  Adept  
  58  4:52  Probe (Chrono Boost)  
  61  4:56  Resonating Glaives (Chrono Boost)  
  61  4:58  Probe (Chrono Boost)  
  62  5:02  Probe (Chrono Boost)  
  63  5:08  Probe (Chrono Boost)  
  63  5:09  Stalker  
  63  5:11  Stalker  
  68  5:14  Stalker  
  68  5:21  Gateway  
  70  5:24  Gateway  
  70  5:27  Templar Archives  
  70  5:30  Robotics Facility  
  69  5:37  Forge  
  65  6:01  Pylon  
  65  6:04  Stalker x2  
  67  6:07  Psionic Storm  
  69  6:16  Probe  
  69  6:17  Probe  
  70  6:22  Pylon  
  70  6:27  Probe  
  70  6:28  Photon Cannon  
  70  6:30  Probe  
  72  6:35  Observer  
  72  6:38  Nexus  
  73  6:41  Pylon  
  73  6:44  High Templar  
  75  6:50  Adept x2  
  79  6:54  Protoss Ground Weapons Level 1  
  79  6:56  Observer  
  79  6:57  Pylon  
  80  7:01  Photon Cannon  
  80  7:24  Stalker x3  
  80  7:25  Stalker  
  88  7:30  Blink (Chrono Boost)  
  88  7:31  Photon Cannon  
  88  7:47  Pylon  
  88  7:50  Fleet Beacon  
  88  8:11  Photon Cannon  
  88  8:13  Warp Prism  
  88  8:16  High Templar  
  92  8:20  Stargate  
  87  8:52  Stalker x2  
  87  8:53  Stalker x3  
  49  9:31  Stalker x5  
  55  9:37  Tempest (Chrono Boost)  
  63  9:39  Tempest (Chrono Boost)  
  67  9:54  Adept  
  67  9:55  Adept x4  
  77  10:00  Observer  
  67  10:21  Observer  
  67  10:23  Tempest (Chrono Boost)  
  67  10:28  Probe  
  62  10:29  Probe x2  
  65  10:38  Probe  
  65  10:41  Probe x2  
  68  10:46  Stalker x2  
  68  10:49  Probe  
  72  10:56  Probe x2  
  75  10:59  Probe  
  76  11:08  Stalker x2, Probe x2  
Show
View Real Time Build Order
Export as new Build Order

紧掏 Terran - Winner!

Build Orders: Command Center First (CC), Liberator Opening, Mech 

Get SALT Encoding   

  12  0:02  SCV  
  13  0:14  SCV  
  13  0:18  Supply Depot  
  14  0:27  SCV  
  15  0:40  SCV  
  16  0:52  SCV  
  17  1:02  Command Center  
  17  1:04  SCV  
  18  1:15  Barracks  
  18  1:18  SCV  
  19  1:26  Refinery  
  19  1:30  SCV  
  20  1:44  Supply Depot  
  20  1:46  SCV  
  22  2:01  Orbital Command  
  22  2:03  Marine  
  22  2:15  SCV  
  23  2:22  Marine  
  23  2:27  Orbital Command  
  24  2:31  SCV  
  24  2:32  Factory  
  25  2:40  Marine  
  25  2:43  SCV  
  27  2:55  SCV  
  27  2:56  SCV  
  27  2:58  Marine  
  29  3:00  Refinery  
  30  3:07  SCV  
  30  3:12  SCV  
  31  3:16  Marine  
  31  3:18  Starport  
  31  3:19  SCV  
  33  3:24  SCV  
  33  3:25  Refinery  
  33  3:26  Factory Reactor  
  34  3:31  SCV  
  34  3:34  Marine  
  36  3:35  Engineering Bay  
  36  3:36  SCV  
  37  3:43  Supply Depot, SCV  
  38  3:49  SCV  
  38  3:51  Liberator  
  39  3:55  SCV  
  39  3:58  Liberator  
  39  4:01  SCV  
  41  4:07  SCV  
  41  4:09  Missile Turret  
  45  4:13  SCV, Missile Turret  
  49  4:20  SCV  
  49  4:23  Widow Mine  
  50  4:25  SCV  
  50  4:26  Supply Depot  
  53  4:32  SCV  
  54  4:39  Liberator  
  54  4:47  SCV x2  
  54  4:48  Command Center  
  54  4:52  Widow Mine  
  60  5:10  SCV  
  60  5:11  SCV  
  60  5:13  Refinery  
  62  5:29  Supply Depot x2  
  62  5:30  Supply Depot x2  
  62  5:33  Liberator  
  62  5:46  Factory Reactor  
  62  5:50  SCV x2, Marine  
  62  5:52  Factory  
  62  5:55  Factory, Starport  
  68  6:08  Marine  
  69  6:17  Medivac  
  71  6:20  Orbital Command  
  71  6:26  Marine  
  71  6:28  Bunker  
  71  6:29  Widow Mine x2  
  71  6:30  SCV  
  71  6:31  SCV  
  78  6:33  Medivac  
  78  6:39  Missile Turret  
  80  6:42  Armory  
  80  6:43  Factory Tech Lab, Marine  
  81  6:47  Armory  
  81  6:51  Factory Tech Lab  
  81  6:53  Starport Reactor  
  81  6:57  Widow Mine x2  
  85  7:03  Orbital Command  
  85  7:08  SCV x2  
  87  7:12  Missile Turret  
  87  7:20  SCV x2  
  88  7:23  Siege Tank x2  
  88  7:26  Widow Mine x2  
  98  7:31  SCV  
  98  7:32  SCV x2  
  101  7:38  Viking  
  101  7:43  SCV  
  104  7:44  SCV x2  
  104  7:46  Terran Vehicle Weapons Level 1  
  106  7:55  Siege Tank  
  109  8:01  Refinery  
  109  8:05  Refinery  
  109  8:12  SCV x3, Siege Tank, Medivac  
  117  8:14  Supply Depot  
  117  8:15  Supply Depot  
  117  8:18  Supply Depot  
  117  8:20  Supply Depot  
  117  8:24  SCV x3  
  120  8:36  SCV  
  109  9:12  Siege Tank x2  
  109  9:13  Hellion  
  109  9:14  Hellion  
  113  9:35  Hellion x2  
  115  9:44  Siege Tank x2  
  121  9:56  Hellion x2  
  121  9:58  SCV x2  
  121  9:59  SCV  
  128  10:02  Medivac x2  
  128  10:03  Viking x2  
  136  10:10  SCV  
  137  10:16  Siege Tank x2  
  137  10:17  Hellion  
  137  10:18  Hellion  
  137  10:32  Medivac  
  137  10:35  Viking x3  
  145  10:37  SCV x3  
  146  10:48  Hellion  
  146  10:49  SCV x2, Hellion  
  144  10:55  Widow Mine x2  
  146  11:01  SCV x2  
  146  11:02  SCV, Viking  
  151  11:05  Viking x3  
  151  11:07  Command Center  
  157  11:11  Command Center  
  157  11:17  Refinery  
  157  11:18  Command Center  
  157  11:23  Refinery  
  157  11:25  SCV  
Tags
 
Add a new tag
Caveats
  • Supply blocks, unpowered buildings, or Contaminate may cause inaccurate times.
  • Supply counts are checked every 10 seconds.